AoeStats
← V. Leonghis

Arena

509673677Analyzed
1v1 RM · 6d ago on Sep 27, 2026· 47m 50s· 2 players
Game mode
Random Map
Map size
Tiny (2 player)
Population
200
Speed
Normal
Resources
Standard
Victory
Conquest
Starting age
Dark Age
Ending age
Imperial Age
RankedLock teamsTeams togetherTeam positionsShared explorationLock speedFull tech treeHidden civsTurbo modeCheats
Victory
Defeat
🇹🇷 Khmer · Türkiye
893
+16
🇹🇷 Britons · Türkiye
889
-16
mr.smith
0:27 Loom
12:07 Feudal Age
15:37 Wheelbarrow
14:44 Horse Collar
14:52 Double-Bit Axe
16:13 Town Watch
19:37 Castle Age
20:43 Hand Cart
21:42 Heavy Plow
24:12 Bow Saw
26:15 Pikeman
29:55 Husbandry
30:32 Scale Mail Armor
32:59 Town Patrol
36:55 Imperial Age
35:25 Scale Barding Armor
35:37 Squires
37:26 Chain Mail Armor
37:21 Forging
37:32 Chain Barding Armor
37:38 Arson
39:40 Two-Man Saw
39:38 Conscription
39:49 Cavalier
41:31 Light Cavalry
44:32 Padded Archer Armor
44:23 Fletching
V. Leonghis
9:59 Feudal Age
10:30 Loom
13:58 Castle Age
13:01 Double-Bit Axe
12:59 Horse Collar
14:50 Wheelbarrow
22:36 Heavy Plow
22:51 Bow Saw
24:52 Ballistics
31:51 Imperial Age
29:08 Town Watch
29:44 Hand Cart
32:35 Double Crossbow
34:13 Chemistry
33:57 Siege Engineers
33:47 Murder Holes
38:22 Heavy Scorpion
41:30 Conscription
41:37 Gold Mining
41:41 Stone Mining
43:20 Hoardings
42:51 Devotion
Connection lost

Rejoining the realm…

Still unreachable

The connection could not be restored.

Session expired

The server has moved on; the page needs a fresh start.